 Dungeon Crawl Stone Soup version 0.31-a0-232-gb1c03b2570 (webtiles) character file.

Game seed: 14394853371429438165

200 qw the Shooter (level 5, -2/30 HPs)
             Began as a Gargoyle Hexslinger on July 7, 2023.
             Killed by divine providence
             ... invoked by an orc priest
              (15 damage)
             ... on level 3 of the Dungeon.
             The game lasted 00:00:59 (2092 turns).

qw the Shooter (Gargoyle Hexslinger)                Turns: 2092, Time: 00:01:00

Health: -2/30      AC: 11    Str: 12    XL:     5   Next: 79%
Magic:  6/6        EV: 16    Int: 13    God:
Gold:   154        SH:  0    Dex: 14    Spells: 5/6 levels left

rFire   . . .        Y - +1 sling
rCold   . . .        (no shield)
rNeg    + . .        i - +0 leather armour
rPois   inf          (no helmet)
rElec   +            j - +0 cloak
rCorr   .            (no gloves)
SInv    .            h - +2 pair of boots
Will    .....        (no amulet)
Stlth   +            f - +5 ring of evasion
HPRegen 0.25/turn    (no ring)
MPRegen 0.10/turn

%: no passive effects
@: no status effects
A: sickness immunity, AC +4, negative energy resistance 1, electricity
resistance, torment resistance 1, petrification resistance
a: no special abilities


You were on level 3 of the Dungeon.
You visited 1 branch of the dungeon, and saw 3 of its levels.

You collected 154 gold pieces.


Innate Abilities, Weirdness & Mutations

You are immune to sickness and miasma.
Your stone body is resilient. (AC +4)
You are immune to poison.
You resist negative energy. (rN+)
You are resistant to electric shocks. (rElec)
You are resistant to unholy torment.
You are immune to petrification.


   Skills:
 + Level 2.0 Fighting
 - Level 5.5 Ranged Weapons
 - Level 1.5 Dodging
 - Level 1.0 Spellcasting
 - Level 2.6 Hexes


You had 5 spell levels left.
You knew the following spells:

 Your Spells              Type           Power      Damage    Failure   Level
a - Slow                  Hex            28%        N/A       12%         1

Your spell library contained the following spells:

 Spells                   Type           Power      Damage    Failure   Level
 Inner Flame              Hex/Fire       4%         N/A       52%         3
 Portal Projectile        Hex/Tloc       8%         N/A       52%         3
 Cause Fear               Hex            3%         N/A       75%         4

Inventory:

Hand Weapons
 Y - a +1 sling (weapon)
Armour
 g - a +0 helmet
 h - a +2 pair of boots (worn)
 i - a +0 leather armour (worn)
 j - a +0 cloak (worn)
Jewellery
 b - a +4 ring of protection
 f - a +5 ring of evasion (left hand)
Scrolls
 c - 2 scrolls of teleportation
 l - 2 scrolls of identify
Potions
 a - a potion of magic {unknown}
 d - a potion of mutation {unknown}
 e - 2 potions of curing {unknown}
 k - a potion of cancellation {unknown}

Dungeon Overview and Level Annotations

Branches:
Dungeon (3/15)

Altars:
Sif Muna


Message History

The endoplasm is almost dead.
You shoot a sling bullet. The sling bullet hits the endoplasm.
You kill the endoplasm!
l - 2 scrolls of identify (gained 1)
Found a stone staircase leading down.
Enter note:
Enter note:
Enter note:
Enter note:
Enter note:
Enter note: An orc, an orc wizard, an orc priest and a frilled lizard come into view.
The orc priest shouts!
An orc comes into view. It is wielding a +0 mace.
The orc priest invokes the aid of Beogh against you.
Beogh smites you!
Enter note:
Enter note:
Enter note:
Enter note:
Enter note:
Enter note:
2089 ||| Stepping ~*~*~tactically~*~*~ (outnumbered).
You shoot a sling bullet.
The sling bullet closely misses the orc wizard.
The orc wizard casts a spell at you. The magic dart hits you.
The orc wizard gestures at you while chanting.
The magic dart hits you but does no damage.
You shoot a sling bullet. The sling bullet misses the orc wizard.
The orc wizard casts a spell at you. You resist with some effort.
You shoot a sling bullet.
The sling bullet barely misses the orc wizard.
The orc shouts!
You hear a shout!
The orc priest invokes the aid of Beogh against you.
Beogh smites you!
Ouch! That really hurt!
You die...

#### .....
oo...####
o...o..>.
..l.....#
#...o.# #.#
#@#######
#.......######
#............#
#............#
#............#
#.......######
##'#######
#....# #....#


You could see an orc priest and an orc wizard.

Vanquished Creatures
  A phantom (D:3)
  Robin (D:3)
  4 adders (D:2)
  A worm (D:2)
  3 dart slugs
  An orc (D:3)
  3 ball pythons
  6 bats
  6 endoplasms
  2 giant cockroaches
  11 goblins
  10 hobgoblins
  5 kobolds (D:2)
  2 quokkas
  5 frilled lizards
  4 rats
65 creatures vanquished.

Notes
Turn   | Place    | Note
-------+----------+-------------------------------------------
     0 | D:1      | qw the Gargoyle Hexslinger began the quest for the Orb.
     0 | D:1      | Reached XP level 1. HP: 12/12 MP: 2/2
     0 | D:1      | 0 ||| qw: Version: 0.3-a-46-gb1f654a
     0 | D:1      | 0 ||| qw: Game counter: 2816
     0 | D:1      | 0 ||| qw: Melee chars always use a shield: true
     0 | D:1      | 0 ||| qw: God list: Okawaru
     0 | D:1      | 0 ||| qw: Allow faded altars: false
     0 | D:1      | 0 ||| qw: Do Orc after clearing Dungeon:15 true
     0 | D:1      | 0 ||| qw: Do second Lair branch before Depths: true
     0 | D:1      | 0 ||| qw: Lair rune preference: random
     0 | D:1      | 0 ||| qw: Goals: Normal
     0 | D:1      | 0 ||| PLANNING D:1-11
   231 | D:1      | 231 ||| FLEEEEING.
   233 | D:1      | 233 ||| FLEEEEING.
   248 | D:1      | Reached XP level 2. HP: 16/16 MP: 3/3
   365 | D:1      | Reached skill level 3 in Ranged Weapons
   613 | D:1      | 613 ||| UPGRADING to +0 leather armour.
   623 | D:1      | 623 ||| DROPPING +0 robe.
   624 | D:1      | 624 ||| UPGRADING to +0 cloak.
   629 | D:1      | 629 ||| UPGRADING to +5 ring of evasion.
   630 | D:1      | 630 ||| READING scroll labelled MYRILIZAERIPS.
   631 | D:1      | 631 ||| READING scroll labelled TONUMA TYLUI.
   632 | D:1      | 632 ||| READING scroll labelled VYFUOX FOUBB.
   633 | D:1      | 633 ||| READING scroll labelled WIN VAHAZXI.
   638 | D:1      | 638 ||| DROPPING scroll of poison.
   693 | D:2      | Reached XP level 3. HP: 21/21 MP: 4/4
   746 | D:2      | Found a shimmering blue altar of Sif Muna.
   919 | D:2      | Reached skill level 4 in Ranged Weapons
   919 | D:2      | Reached XP level 4. HP: 26/26 MP: 5/5
  1564 | D:2      | 1564 ||| UPGRADING to +2 pair of boots.
  1569 | D:2      | 1569 ||| DROPPING ring of magical power.
  1570 | D:2      | 1570 ||| READING scroll labelled DEOZIT VIEG.
  1571 | D:2      | 1571 ||| READING scroll labelled MYUCEXZ LURA.
  1836 | D:3      | Noticed Robin
  1849 | D:3      | Killed Robin
  1850 | D:3      | Reached XP level 5. HP: 30/30 MP: 6/6
  1963 | D:3      | Noticed a phantom
  1969 | D:3      | Found a faded altar of an unknown god.
  1990 | D:3      | Killed a phantom
  1991 | D:3      | Reached skill level 5 in Ranged Weapons
  2089 | D:3      | 2089 ||| Stepping ~*~*~tactically~*~*~ (outnumbered).
  2092 | D:3      | Killed from afar by an orc priest

Levels and vault maps discovered:
D:1:      minmay_arrival_stair_chambers, layout_loops_ring, minmay_ruptured
D:2:      layout_basic, basic_altar, minmay_hexomino_u4
D:3:      layout_basic, hellmonk_ecumenical_altar_leap_of_faith, uniq_robin

Skill      XL: |  1  2  3  4  5 |
---------------+----------------+-----
Ranged Weapons | 3 4 5 |  5.5
Fighting       | 2 |  2.0
Dodging        | |  1.5
Spellcasting   | |  1.0
Hexes          | |  2.6

Action                     |  1- 3 |  4- 6 || total
---------------------------+-------+-------++-------
   Fire: Sling             |    90 |   155 ||   245
    Use: Scroll            |     4 |     2 ||     6
 Armour: Robe              |    11 |       ||    11
         Leather armour    |     6 |    35 ||    41
  Dodge: Dodged            |    28 |    76 ||   104

Table legend:
 A = Non-vault XP
 B = Vault XP
 C = Vault XP percentage of total XP
 D = Non-vault monster count
 E = Vault monster count
 F = Vault count percentage of total count
                 A         B        C        D         E       F
            +---------+---------+-------+---------+---------+-------
      Total |     236 |      51 |  17.8 |      50 |      15 |  23.1
            +---------+---------+-------+---------+---------+-------
        D:1 |      24 |       7 |  22.6 |      13 |       4 |  23.5
        D:2 |      76 |      18 |  19.1 |      21 |       4 |  16.0
        D:3 |     136 |      26 |  16.0 |      16 |       7 |  30.4
            +---------+---------+-------+---------+---------+-------
